 Dungeon Crawl Stone Soup version 0.30-a0-782-ge64f9170bb (webtiles) character file.

Game seed: 702186812311214823

28071 Querens the Imperceptible (level 13, 0/55 HPs)
             Began as a Spriggan Enchanter on Feb 23, 2023.
             Was an Elder of Dithmenos.
             Slain by a minotaur
             ... wielding a +0 bardiche
              (29 damage)
             ... in a Gauntlet.
             The game lasted 00:55:43 (9685 turns).

Querens the Imperceptible (Spriggan Enchanter)      Turns: 9685, Time: 00:55:43

Health: 0/55       AC: 10    Str:  4    XL:     13   Next: 7%
Magic:  12/40      EV: 17    Int: 23    God:    Dithmenos [****..]
Gold:   1335       SH:  0    Dex: 25    Spells: 24/36 levels left

rFire   + . .      SeeInvis +    H - +2 dagger (chaos)
rCold   . . .      Faith    .    (no shield)
rNeg    . . .      Spirit   .    Q - +2 troll leather armour
rPois   .          Reflect  .    R - +3 hat of Pondering {ponderous, Will+ MP+10 Int+5}
rElec   +          Harm     .    C - +0 cloak of Eggeggyz {rF+ Regen+}
rCorr   +          Rampage  .    (gloves unavailable)
Will    ++++.      NoTele   +    (boots unavailable) Stlth ***+++++++
                                 F - amulet of regeneration
HPRegen 2.69/turn                A - +6 ring of dexterity
MPRegen 0.27/turn                I - ring "Kaomoen" {rElec Will+ rCorr}

@: confusing by touch, wreathed by umbra, very quick
A: very small, no large weapons, unfitting armour, see invisible, speed 3
a: Renounce Religion, Shadow Step


You were in a Gauntlet.
You worshipped Dithmenos.
Dithmenos was greatly pleased with you.
You visited 4 branches of the dungeon, and saw 15 of its levels.
You also visited: Bailey and Gauntlet.

You collected 1583 gold pieces.
You spent 248 gold pieces at shops.

Inventory:

Hand Weapons
 f - a +1 dagger of flaming
 H - a +2 dagger of chaos (weapon)
Missiles
 v - 6 curare-tipped darts (quivered)
 O - a throwing net
Armour
 h - a scarf of repulsion
 y - a +2 cloak
 C - the +0 cloak of Eggeggyz (worn) {rF+ Regen+}
   (You found it on level 7 of the Dungeon)

   rF:        It protects you from fire.
   Regen:     It increases your rate of health regeneration.
 K - +0 steam dragon scales
 Q - a +2 troll leather armour (worn)
 R - the +3 hat of Pondering (worn) {ponderous, Will+ MP+10 Int+5}
   (You took it off Gastronok on level 11 of the Dungeon)

   Int:       It affects your intelligence (+5).
   MP:        It affects your magic capacity (+10).
   Will:      It increases your willpower.
Magical Staves
 z - a staff of earth
Jewellery
 b - a +6 ring of intelligence
 A - a +6 ring of dexterity (left hand)
 D - the amulet "Veidyxio" {Reflect Fly SH+5}
   (You found it in a Gauntlet)

   [amulet of reflection]

   It reflects blocked missile attacks.
   Fly:       It grants you flight.
   SH:        It affects your SH (+5).
 F - an amulet of regeneration (around neck)
 I - the ring "Kaomoen" (right hand) {rElec Will+ rCorr}
   (You found it on level 8 of the Dungeon)

   [ring of willpower]

   rElec:     It insulates you from electricity.
   rCorr:     It protects you from acid and corrosion.
   Will:      It increases your willpower.
 L - a ring of poison resistance
Wands
 r - a wand of flame (26)
 x - a wand of paralysis (16)
Scrolls
 a - 8 scrolls of teleportation
 g - 3 scrolls of noise
 k - 6 scrolls of fog
 l - 3 scrolls of magic mapping
 n - a scroll of torment
 o - 3 scrolls of enchant weapon
 p - 3 scrolls of butterflies
 s - 4 scrolls of blinking
 w - 3 scrolls of amnesia
 B - a scroll of immolation
 M - a scroll of poison
 P - 2 scrolls of vulnerability {unknown}
Potions
 c - 4 potions of invisibility
 d - 2 potions of resistance
 e - 4 potions of attraction {unknown}
 i - 2 potions of degeneration {unknown}
 j - 3 potions of haste
 m - 7 potions of heal wounds
 q - 9 potions of curing
 t - 3 potions of brilliance {unknown}
 u - 4 potions of flight {unknown}
 E - 3 potions of might {unknown}
 G - a potion of lignification {unknown}
 J - a potion of ambrosia {unknown}
 S - a potion of magic {unknown}
Miscellaneous
 N - a condenser vane


   Skills:
 - Level 10.0 Short Blades
 - Level 2.6 Dodging
 + Level 22.7 Stealth
 - Level 12.0 Spellcasting
 - Level 12.2 Hexes


You had 24 spell levels left.
You knew the following spells:

 Your Spells              Type           Power      Damage    Failure   Level
a - Ensorcelled Hibernat  Hex/Ice        84%        N/A       1%          2
b - Confusing Touch       Hex            63%        N/A       1%          3
c - Dazzling Flash        Conj/Hex       84%        N/A       1%          3
d - Tukima's Dance        Hex            63%        N/A       1%          3
e - Apportation           Tloc           26%        N/A       9%          1

Your spell library contained the following spells:

 Spells                   Type           Power      Damage    Failure   Level
 Portal Projectile        Hex/Tloc       84%        N/A       1%          3
 Leda's Liquefaction      Hex/Erth       21%        N/A       7%          4
 Necrotise                Necr           52%        1d6       9%          1
 Summon Small Mammal      Summ           52%        N/A       9%          1
 Blink                    Tloc           26%        N/A       12%         2
 Passwall                 Tmut/Erth      10%        N/A       12%         2
 Static Discharge         Conj/Air       26%        2-4/arc   12%         2
 Call Canine Familiar     Summ           13%        N/A       24%         3
 Swiftness                Air            13%        N/A       24%         3
 Vhi's Electric Charge    Tloc/Air       26%        N/A       24%         3
 Manifold Assault         Tloc           13%        N/A       63%         4
 Arcjolt                  Conj/Air       6%         1d16      92%         5
 Lightning Bolt           Conj/Air       6%         1d18      92%         5
 Storm Form               Tmut/Air       6%         N/A       100%        7


Dungeon Overview and Level Annotations

Branches:
Dungeon (12/15)            Temple (1/1) D:4            Lair (1/5) D:10
    Orc (1/2) D:10         Bailey (visited)         Gauntlet (1/1)

Altars:
Ashenzari
Cheibriados
Dithmenos
Elyvilon
Fedhas
Gozag
Hepliaklqana
Kikubaaqudgha
Makhleb
Nemelex Xobeh
Okawaru
Qazlal
Ru
Sif Muna
Trog
Uskayaw
Vehumet
Wu Jian
Xom
Yredelemnul
Zin
The Shining One

Shops:
D:1 :   D:9 *

Annotations:
Gauntlet 8 transporters, 1 runed translucent door


Innate Abilities, Weirdness & Mutations

You are very small and have problems with some larger weapons.
You are too small for most types of armour.
You have supernaturally acute eyesight. (SInv)
You cover ground extremely quickly. (Speed+++)


Message History

Casting: Dazzling Flash (safe; 1% risk of failure)
Confirm with . or Enter, or press ? or * to list all spells.
Casting: Dazzling Flash (safe; 1% risk of failure)
Press: ? - help, Dir - look around, f - activate The minotaur barely misses you.
Your swamp worm zombie bites the minotaur but does no damage.
Unknown command.
Casting: Dazzling Flash (safe; 1% risk of failure)
Confirm with . or Enter, or press ? or * to list all spells.
Casting: Dazzling Flash (safe; 1% risk of failure)
Press: ? - help, Dir - look around, f - activate The minotaur misses you.
Your swamp worm zombie closely misses the minotaur.
The minotaur furiously retaliates!
The minotaur headbutts your swamp worm zombie!
Unknown command.
Casting: Dazzling Flash (safe; 1% risk of failure)
Confirm with . or Enter, or press ? or * to list all spells.
Casting: Dazzling Flash (safe; 1% risk of failure)
Press: ? - help, Dir - look around, f - activate The minotaur is dazzled.
The minotaur misses you.
Your swamp worm zombie bites the minotaur.
Unknown command.
You swap places.
The minotaur throws a javelin.
The javelin closely misses you.
The javelin closely misses your swamp worm zombie.
You catch the helpless minotaur completely off-guard!
You hit the minotaur but do no damage.
The minotaur is lightly wounded.
The minotaur hits you with a +0 bardiche!!
Ouch! That really hurt!
You emit a cloud of dark smoke.
The minotaur barely misses you.
You hit the minotaur but do no damage.
You punch the minotaur, but do no damage.
The minotaur is lightly wounded.
You strike the helpless minotaur from behind!
You hit the minotaur but do no damage.
The minotaur is lightly wounded.
The minotaur hits you with a +0 bardiche!!
Ouch! That really hurt!
You die...

#§§..### ####
#####......
#...##.####.8... #
#.#.##..##§§.... #.
#.#......##...## ##'##
#.#.##....#...#. #.⌠..
#...##.©8.#...#.
#...§##.#.##....#...#.
+⌠.§H@Z.#..Z.©8.#.8.##
#..§§##.#.##....#...#G
###+# #...##.©8.#...#?
#.#.##....#...#?
#.#......##...##
#.#.##..##≈.....
#...##.####.8... #####
####...... #≈...###


You could see a minotaur (blind, ally target) and a friendly swamp worm zombie.

Vanquished Creatures
  Gastronok (D:11)
  Snorg (D:11)
  Josephine (D:10)
  4 two-headed ogres
  3 death yaks (D:10)
  Lodul (D:11)
  A skeletal warrior (D:12)
  An orc knight (Bailey)
  An ugly thing (D:12)
  A deep elf pyromancer (Bailey)
  A cyclops (shapeshifter) (Gauntlet)
  3 cyclopes
  Maurice (D:7)
  5 elephants (Lair:1)
  Maggie (D:8)
  2 unseen horrors
  A cane toad (Lair:1)
  Psyche (D:8)
  A komodo dragon (D:12)
  A tyrant leech (Gauntlet)
  2 trolls
  7 blink frogs (Lair:1)
  A shadow (D:10)
  A vampire (D:12)
  15 yaks
  6 wraiths
  A wyvern (D:8)
  3 steam dragons
  8 vampire mosquitoes
  4 swamp worms
  4 water moccasins
  3 ice beasts
  2 black bears
  10 orc warriors
  A sky beast (D:8)
  10 ogres
  4 centaurs
  2 phantoms
  5 kobold brigands
  2 necrophages
  A bullfrog (D:7)
  5 scorpions
  A gnoll sergeant (D:9)
  14 wights
  17 killer bees
  3 howler monkeys
  3 hounds
  2 jellies
  6 orc priests
  7 orc wizards
  5 iguanas
  7 gnolls
  8 adders
  A shadow imp (D:7)
  4 white imps
  3 worms
  3 dart slugs
  35 orcs
  11 ball pythons
  12 endoplasms
  2 giant cockroaches
  11 goblins
  6 hobgoblins
  4 jackals
  21 kobolds
  3 quokkas
  A bat (D:2)
  2 frilled lizards (D:2)
  3 rats
324 creatures vanquished.

Vanquished Creatures (collateral kills)
  Erica (D:8)
  3 wights
  A gnoll (D:4)
  3 orcs
8 creatures vanquished.

Vanquished Creatures (others)
  6 dancing weapons
  A steam dragon zombie (D:8)
  2 fungi (Lair:1)
  4 plants
13 creatures vanquished.

Grand Total: 345 creatures vanquished

Notes
Turn   | Place    | Note
-------+----------+-------------------------------------------
     0 | D:1      | Querens the Spriggan Enchanter began the quest for the Orb.
     0 | D:1      | Reached XP level 1. HP: 9/9 MP: 5/5
   247 | D:1      | Found a faded altar of an unknown god.
   380 | D:1      | Reached XP level 2. HP: 13/13 MP: 6/6
   387 | D:1      | Learned a level 2 spell: Ensorcelled Hibernation
   512 | D:1      | Found Xoonioc's Vocational Training.
   869 | D:2      | Reached skill level 5 in Stealth
   924 | D:2      | Reached XP level 3. HP: 16/16 MP: 8/8
  1287 | D:3      | Found a glowing golden altar of the Shining One.
  1411 | D:3      | Reached XP level 4. HP: 21/21 MP: 10/10
  1772 | D:4      | Noticed an ogre
  1787 | D:4      | Killed an ogre
  1788 | D:4      | Reached skill level 6 in Stealth
  1788 | D:4      | Reached XP level 5. HP: 24/24 MP: 3/12
  1850 | D:4      | Noticed a phantom
  1858 | D:4      | Learned a level 3 spell: Confusing Touch
  1862 | D:4      | Learned a level 3 spell: Dazzling Flash
  1866 | D:4      | Learned a level 3 spell: Tukima's Dance
  1909 | D:4      | Killed a phantom
  1910 | D:4      | Reached skill level 5 in Hexes
  1978 | D:4      | Reached XP level 6. HP: 28/28 MP: 13/13
  2063 | D:4      | Reached skill level 7 in Stealth
  2230 | D:4      | Reached skill level 5 in Spellcasting
  2230 | D:4      | Reached XP level 7. HP: 32/32 MP: 9/15
  2234 | D:4      | Found a staircase to the Ecumenical Temple.
  2245 | Temple   | Entered the Ecumenical Temple
  2354 | D:5      | Entered Level 5 of the Dungeon
  2490 | D:5      | Reached skill level 8 in Stealth
  2706 | D:5      | Found a hazy altar of Hepliaklqana.
  2711 | D:5      | Found a shimmering altar of Xom.
  2717 | D:5      | Found a glowing silver altar of Zin.
  2872 | D:5      | Found a blossoming altar of Fedhas.
  2962 | D:5      | Reached skill level 5 in Short Blades
  2962 | D:5      | Reached XP level 8. HP: 36/36 MP: 18/18
  3151 | D:6      | Reached skill level 9 in Stealth
  3777 | D:6      | Reached skill level 10 in Stealth
  3837 | D:6      | Reached XP level 9. HP: 34/39 MP: 17/21
  3938 | D:7      | Found a basalt altar of Yredelemnul.
  4128 | D:7      | Identified the +0 cloak of Eggeggyz {rF+ Regen+}
  4306 | D:7      | Reached skill level 11 in Stealth
  4343 | D:7      | Found an ancient bone altar of Kikubaaqudgha.
  4529 | D:8      | Found a shadowy altar of Dithmenos.
  4531 | D:8      | Noticed Maggie
  4532 | D:8      | Noticed Erica
  4540 | D:8      | Noticed Maurice
  4560 | D:7      | Killed Maurice
  4709 | D:8      | Noticed Psyche
  4712 | D:8      | Killed Psyche
  4735 | D:8      | Reached skill level 12 in Stealth
  4758 | D:8      | Reached XP level 10. HP: 44/44 MP: 24/24
  4957 | D:8      | Identified the ring "Kaomoen" {rElec Will+ rCorr}
  5083 | D:8      | Reached skill level 10 in Hexes
  5200 | D:8      | Became a worshipper of Dithmenos the Shadowed
  5214 | D:8      | Found a shimmering blue altar of Sif Muna.
  5261 | D:8      | Found a bloodstained altar of Trog.
  5289 | D:8      | Killed Maggie
  5290 | D:8      | Reached skill level 13 in Stealth
  5418 | D:8      | Killed Erica
  5419 | D:8      | Reached skill level 10 in Spellcasting
  5826 | D:9      | Found a stormy altar of Qazlal.
  5841 | D:9      | Found Gakad's General Store.
  5851 | D:9      | Bought a potion of heal wounds for 80 gold pieces
  5851 | D:9      | Bought a scroll of teleportation for 48 gold pieces
  5851 | D:9      | Bought a scroll of magic mapping for 120 gold pieces
  5913 | D:9      | Found a flagged portal.
  5931 | Bailey   | Entered a bailey
  5967 | Bailey   | Reached * piety under Dithmenos
  5998 | Bailey   | Noticed an orc knight
  6000 | Bailey   | Reached XP level 11. HP: 47/47 MP: 15/26
  6006 | Bailey   | Killed an orc knight
  6035 | Bailey   | Found a large runed translucent door.
  6035 | Bailey   | Found a large runed translucent door.
  6036 | Bailey   | Noticed a deep elf pyromancer
  6100 | Bailey   | Killed a deep elf pyromancer
  6101 | Bailey   | Reached skill level 14 in Stealth
  6557 | D:10     | Entered Level 10 of the Dungeon
  6597 | D:10     | Noticed a death yak
  6640 | D:10     | Noticed a death yak
  6640 | D:10     | Noticed a death yak
  6640 | D:10     | Noticed a death yak
  6640 | D:10     | Noticed a death yak
  6660 | D:10     | Killed a death yak
  6668 | D:10     | Noticed a death yak
  6741 | D:10     | Found a staircase to the Orcish Mines.
  6871 | D:10     | Found a sacrificial altar of Ru.
  7028 | D:10     | Reached skill level 10 in Short Blades
  7095 | D:10     | Reached ** piety under Dithmenos
  7171 | D:10     | Found a staircase to the Lair.
  7175 | D:10     | Noticed a death yak
  7185 | D:10     | Noticed a death yak
  7278 | D:10     | Noticed Josephine
  7287 | D:10     | Killed Josephine
  7321 | D:10     | Reached skill level 15 in Stealth
  7576 | D:10     | Killed a death yak
  7658 | D:10     | Killed a death yak
  7926 | Orc:1    | Entered Level 1 of the Orcish Mines
  8051 | Orc:1    | Noticed a two-headed ogre
  8051 | Orc:1    | Noticed a two-headed ogre
  8052 | Orc:1    | Noticed a two-headed ogre
  8052 | Orc:1    | Noticed a two-headed ogre
  8070 | Orc:1    | Killed a two-headed ogre
  8071 | Orc:1    | Reached skill level 16 in Stealth
  8073 | Orc:1    | Noticed an orc high priest
  8084 | Orc:1    | Noticed a sixfirhy
  8137 | D:11     | Noticed Snorg
  8144 | D:11     | Killed Snorg
  8228 | D:11     | Noticed Gastronok
  8234 | D:11     | Killed Gastronok
  8235 | D:11     | Reached skill level 17 in Stealth
  8235 | D:11     | Reached XP level 12. HP: 51/51 MP: 29/29
  8413 | D:11     | Noticed Lodul
  8427 | D:11     | Killed Lodul
  8428 | D:11     | Reached skill level 18 in Stealth
  8438 | D:11     | Reached *** piety under Dithmenos
  8657 | D:11     | Noticed a two-headed ogre
  8665 | D:11     | Killed a two-headed ogre
  8666 | D:11     | Reached skill level 19 in Stealth
  8827 | D:12     | Noticed a two-headed ogre
  8832 | D:12     | Killed a two-headed ogre
  8869 | D:12     | Reached skill level 20 in Stealth
  9002 | D:12     | Noticed a two-headed ogre
  9017 | D:12     | Killed a two-headed ogre
  9018 | D:12     | Reached skill level 21 in Stealth
  9110 | Lair:1   | Entered Level 1 of the Lair of Beasts
  9199 | Lair:1   | Reached skill level 22 in Stealth
  9276 | Lair:1   | Reached XP level 13. HP: 55/55 MP: 2/30
  9459 | Lair:1   | Found a gate leading to a gauntlet.
  9479 | Gauntlet | Entered a Gauntlet
  9479 | Gauntlet | Found a transporter.
  9482 | Gauntlet | Found a transporter.
  9483 | Gauntlet | Found a transporter.
  9487 | Gauntlet | Found a transporter.
  9488 | Gauntlet | Found the ring of Shadows {Umbra +Inv Stlth+}
  9498 | Gauntlet | Found a transporter.
  9498 | Gauntlet | Found a transporter.
  9501 | Gauntlet | Found a transporter.
  9502 | Gauntlet | Found a transporter.
  9521 | Gauntlet | Found a runed translucent door.
  9542 | Gauntlet | Found a transporter.
  9542 | Gauntlet | Found a transporter.
  9545 | Gauntlet | Found a transporter.
  9554 | Gauntlet | an alligator changed into a quicksilver ooze
  9554 | Gauntlet | Noticed a quicksilver ooze (glowing shapeshifter)
  9555 | Gauntlet | a quicksilver ooze changed into a frost giant
  9555 | Gauntlet | Noticed a frost giant (glowing shapeshifter)
  9558 | Gauntlet | a frost giant changed into a sphinx
  9558 | Gauntlet | Noticed a sphinx (glowing shapeshifter)
  9565 | Gauntlet | a sphinx changed into a stone giant
  9565 | Gauntlet | Noticed a stone giant (glowing shapeshifter)
  9571 | Gauntlet | a stone giant changed into an azure jelly
  9571 | Gauntlet | Noticed an azure jelly (glowing shapeshifter)
  9582 | Gauntlet | an azure jelly changed into an alligator snapping turtle
  9585 | Gauntlet | an alligator snapping turtle changed into a fire giant
  9585 | Gauntlet | Noticed a fire giant (glowing shapeshifter)
  9588 | Gauntlet | a fire giant changed into a frost giant
  9588 | Gauntlet | Noticed a frost giant (glowing shapeshifter)
  9591 | Gauntlet | a frost giant changed into an iron troll
  9592 | Gauntlet | an iron troll changed into a fire giant
  9592 | Gauntlet | Noticed a fire giant (glowing shapeshifter)
  9609 | Gauntlet | Learned a level 1 spell: Apportation
  9611 | Gauntlet | a fire giant changed into a stone giant
  9611 | Gauntlet | Noticed a stone giant (glowing shapeshifter)
  9619 | Gauntlet | Identified the amulet "Veidyxio" {Reflect Fly SH+5}
  9635 | Gauntlet | Found a transporter.
  9645 | Gauntlet | Reached **** piety under Dithmenos
  9667 | Gauntlet | Found the ring of the Hare {EV+10}
  9667 | Gauntlet | Noticed a minotaur
  9685 | Gauntlet | Slain by a minotaur

Illustrated notes

Levels and vault maps discovered:
D:1:      saegor_arrival_miasma, layout_loops_corners,
          shapermc_ecumenical_altar_petra, nicolae_shop_vocational
D:2:      layout_rooms
D:3:      layout_basic, nicolae_tso_carved_into_rock, st_stairs_13,
          nicolae_kite_square_tiling_tiny, kennysheep_decorative_pillar,
          minmay_shallow_snake_nest
D:4:      layout_rooms, minmay_temple_entry_nine_rooms
D:5:      layout_loops_ring, fedhas_altar_fruit_tree,
          grunt_temple_overflow_diamond
D:6:      layout_cave_pods
D:7:      layout_gridville, lemuel_crystal_altar,
          mainiacjoe_overflow_tiny_flanked
D:8:      layout_rooms, kennysheep_little_box, kennysheep_mini,
          nicolae_dithmenos_shadow_blocks, serial_corexii_hall,
          chequers_hall_statues_wall_a, chequers_hall_statues_wall_a,
          corexii_hall_statues_i, corexii_hall_statues_s, minmay_circle_x,
          uniq_psyche, uniq_maggie, uniq_maurice, uniq_erica
D:9:      layout_stronghold, lemuel_round_altar, enter_bailey_3, serial_shops,
          shop
D:10:     cheibrodos_steamvent, layout_gridville, lemuel_doored_altar,
          dpeg_lair_monsters, orc_0_dummy, uniq_josephine
D:11:     layout_stronghold, hangedman_decor_riveting, uniq_snorg,
          uniq_gastronok, uniq_lodul
D:12:     layout_basic
Temple:   hellmonk_temple_micro_hex
Lair:1:   layout_cave_pods, gauntlet_entry_generic, worms_lemuel
Orc:1:    layout_caves, uniq_jorgrun
Gauntlet: minmay_gauntlet_mixed_oops_all_seconds
          [minmay_gauntlet_arena_77_museum, gammafunk_gauntlet_arena_split_x,
          minmay_gauntlet_arena_77_mess, nicolae_gauntlet_swirl,
          minmay_gauntlet_arena_77_path, gammafunk_gauntlet_arena_teeth,
          gauntlet_exit_hidden_loot]

Skill      XL: |  1  2  3  4  5  6  7  8  9 10 11 12 |
---------------+-------------------------------------+-----
Spellcasting   | 3 4 5 6 7 9 10 12 | 12.0
Hexes          | 4 5 6 7 9 10 12 | 12.2
Stealth        | 5 6 7 8 10 12 13 17 22 | 22.7
Short Blades   | 2 3 4 5 6 7 9 10 | 10.0
Dodging        | |  2.6

Action                     |  1- 3 |  4- 6 |  7- 9 | 10-12 | 13-15 || total
---------------------------+-------+-------+-------+-------+-------++-------
  Melee: Dagger            |    80 |   125 |   173 |   575 |    14 ||   967
         Punch             |       |       |     2 |     7 |     1 ||    10
  Throw: Dart              |       |       |       |     6 |       ||     6
   Cast: Ensorcelled Hiber |     1 |    11 |    33 |    86 |     8 ||   139
         Confusing Touch   |       |     2 |    12 |    34 |     2 ||    50
         Tukima's Dance    |       |     3 |    13 |    22 |       ||    38
         Dazzling Flash    |       |       |       |    32 |     4 ||    36
  Evoke: Wand              |       |       |    17 |     1 |       ||    18
         Condenser vane    |       |       |       |     1 |       ||     1
    Use: Scroll            |       |       |       |    13 |       ||    13
   Stab: Sleeping          |    15 |    12 |    49 |    79 |     7 ||   162
         Confused          |       |     2 |    11 |    23 |     1 ||    37
         Paralysed         |       |       |       |     3 |       ||     3
         Invisible         |       |       |       |    20 |     3 ||    23
         Petrifying        |       |       |       |     1 |       ||     1
 Armour: Robe              |     8 |     7 |    13 |       |       ||    28
         Steam dragon scal |       |       |       |    15 |       ||    15
         Troll leather arm |       |       |       |    30 |     4 ||    34
  Dodge: Dodged            |    34 |    65 |    88 |   355 |     9 ||   551

Table legend: (Time is in decaauts)
 A = Elapsed time spent in this place.
 B = Non-inter-level travel time spent in this place.
 C = Inter-level travel time spent in this place.
 D = Time resting spent in this place.
 E = Time spent auto-exploring this place.
 F = Levels seen in this place.
 G = Mean time per level.
                   A        B        C        D        E       F      G
               +--------+--------+--------+--------+--------+-----+--------+
         Total |   6320 |   5833 |    487 |     13 |      0 |  17 |  371.8 |
       Dungeon |   5658 |   5171 |    487 |     13 |      0 |  12 |  471.5 |
        Temple |      1 |      1 |      0 |      0 |      0 |   1 |    1.0 |
          Lair |    258 |    258 |      0 |      0 |      0 |   1 |  258.0 |
  Orcish Mines |    108 |    108 |      0 |      0 |      0 |   1 |  108.0 |
        Bailey |    143 |    143 |      0 |      0 |      0 |   1 |  143.0 |
      Gauntlet |    150 |    150 |      0 |      0 |      0 |   1 |  150.0 |
               +--------+--------+--------+--------+--------+-----+--------+

Top non-repeatable levels by time:
    D:10: 917 daAuts
     D:8: 586 daAuts
     D:6: 552 daAuts
     D:9: 540 daAuts
     D:1: 511 daAuts
    D:11: 503 daAuts
     D:5: 442 daAuts
     D:7: 418 daAuts
     D:3: 411 daAuts
     D:4: 402 daAuts
  Lair:1: 258 daAuts
     D:2: 201 daAuts
    D:12: 172 daAuts
Gauntlet: 150 daAuts
  Bailey: 143 daAuts
